 Dungeon Crawl Stone Soup version 0.21-a0-405-gf2af9a1 (webtiles) character file.

7317 Snakeypoo the Grappler (level 10, -1/106 HPs)
             Began as a Troll Monk on Nov 1, 2017.
             Was an Elder of Wu Jian.
             Slain by a wolf (9 damage)
             ... led by Grum
             ... on level 10 of the Dungeon.
             The game lasted 01:03:57 (6670 turns).

Snakeypoo the Grappler (Troll Monk)                 Turns: 6670, Time: 01:03:58

Health: -1/106     AC:  6    Str: 23    XL:     10   Next: 90%
Magic:  9/9        EV: 15    Int:  6    God:    Wu Jian [****..]
Gold:   487        SH:  0    Dex: 15    Spells: 9/9 levels left

rFire    . . .     SeeInvis .     - Unarmed
rCold    . . .     Gourm    +   (no shield)
rNeg     . . .     Faith    .   a - +1 robe
rPois    .         Spirit   .   (helmet restricted)
rElec    .         Reflect  .   (no cloak)
rCorr    .         Harm     .   (gloves unavailable)
MR       .....                  (boots unavailable)
Stlth    ++........             o - amulet of regeneration
HPRegen  1.07/turn              y - +2 ring of strength
MPRegen  0.11/turn              (no ring)

@: lethally poisoned (-1 -> -1)
A: unfitting armour, claws 3, fast metabolism 3, gourmand, regeneration 1,
shaggy fur 1, tough skin 2
a: Serpent's Lash, Renounce Religion


You were on level 10 of the Dungeon.
You worshipped Wu Jian.
Wu Jian was greatly pleased with you.
You were very full.

You visited 2 branches of the dungeon, and saw 11 of its levels.

You collected 487 gold pieces.

Inventory:

Missiles
 L - 8 large rocks (quivered)
Armour
 a - a +1 robe (worn)
Jewellery
 f - an uncursed ring of magical power
 o - an amulet of regeneration (around neck)
 y - a +2 ring of strength (left claw)
 A - an uncursed ring of magical power
 B - an uncursed ring of wizardry
 K - an uncursed ring of fire {unknown}
 M - an uncursed ring of positive energy {unknown}
Wands
 v - a wand of polymorph (11/24)
 G - a wand of random effects (36/48)
Scrolls
 c - 2 scrolls of enchant armour
 d - a scroll of immolation {unknown}
 e - 3 scrolls of enchant weapon
 j - a scroll of magic mapping {unknown}
 l - 2 scrolls of fear
 n - 3 scrolls of remove curse
 q - 2 scrolls of recharging {unknown}
 E - a scroll of blinking {unknown}
 F - a scroll of random uselessness {unknown}
 H - a scroll of teleportation {unknown}
Potions
 i - 2 potions of mutation
 k - 3 potions of magic
 m - 2 potions of degeneration
 p - a potion of agility {unknown}
 r - 2 potions of lignification {unknown}
 s - a potion of cancellation {unknown}
 t - a potion of flight {unknown}
 w - 2 potions of might
 x - 3 potions of ambrosia {unknown}
 z - 3 potions of curing {unknown}
 C - a potion of haste {unknown}
Books
 g - a book of Misfortune

   Spells                             Type                      Level
   a - Confusing Touch                Hexes                        1
   b - Confuse                        Hexes                        3
   c - Gell's Gravitas                Translocation                3
   d - Petrify                        Transmutation/Earth          4
   e - Metabolic Englaciation         Hexes/Ice                    5
   f - Yara's Violent Unravelling     Hexes/Transmutation          5
 I - a book of Air

   Spells                             Type                      Level
   a - Shock                          Conjuration/Air              1
   b - Swiftness                      Charms/Air                   2
   c - Static Discharge               Conjuration/Air              3
   d - Airstrike                      Air                          4
   e - Lightning Bolt                 Conjuration/Air              5
Comestibles
 b - 6 bread rations
 h - 8 meat rations
 u - 5 royal jellies
 D - 11 fruits
 J - 6 chunks of flesh


   Skills:
 + Level 8.6 Fighting
 + Level 8.6 Dodging
 - Level 1.0 Stealth
 + Level 10.2 Unarmed Combat


You had 9 spell levels left.
You didn't know any spells.

Dungeon Overview and Level Annotations

Branches:
Dungeon (10/15)            Temple (1/1) D:5            Lair (0/6) D:9
    Orc: D:9-12

Altars:
Ashenzari
Fedhas
Hepliaklqana
Nemelex Xobeh
Okawaru
Qazlal
Ru
Trog
Uskayaw
Vehumet
Wu Jian
Zin

Shops:
D:6 (

Annotations:
D:5 Slyspawn's ghost, novice MiFi
D:6 Yermak's ghost, novice GnSk


Innate Abilities, Weirdness & Mutations

You are too large for most types of armour.
You have claws for hands.
Your metabolism is lightning-fast.
You like to eat raw meat.
Your natural rate of healing is unusually fast.
You are covered in fur. (AC +1)
You have very tough skin. (AC +2)


Message History

You feel sick. The wolf barely misses you. The wolf completely misses you.
The wolf bites you.
* * * LOW HITPOINT WARNING * * *
The orc wizard misses you.
You spin and attack the orc wizard repeatedly.
You claw the orc wizard!
You kill the orc wizard!
The Council accepts your kill. The wolf closely misses you.
The wolf misses you. The wolf bites you.
* * * LOW HITPOINT WARNING * * *
You spin and attack the wolf.
You scratch the wolf.
You kill the wolf!
The Council accepts your kill.
You spin and attack the wolf.
You claw the wolf!
You kill the wolf!
The Council accepts your kill.
You feel less exhausted.
You feel sick.
You closely miss the wolf.
You feel sick. The wolf bites you!
You die...

.# ........ooh #.# #..... .#
..........o #.# #..... .# ..
....o.. #.# #..... ##' ....
#.# #..... #...###'######.#
#.....
..........)...)########.....
...............))...........
###......).†...#########....
#.......h@...# #....
######.......# #####
####....# ####.# ###


You could see a wolf.

Vanquished Creatures
  A two-headed ogre (D:9)
  Pikel (D:5)
  2 cyclopes
  6 yaks (D:9)
  2 wyverns
  A hungry ghost (D:7)
  Grum (D:10)
  Duvessa (D:5)
  A porcupine (D:9)
  3 ice beasts
  2 slaves (D:5)
  3 black bears (D:9)
  6 orc warriors
  An ogre (D:7)
  4 centaurs
  2 wolves (D:10)
  4 phantoms
  2 crocodiles (D:9)
  3 bullfrogs (D:9)
  Blork the orc (D:5)
  A gnoll sergeant (D:7)
  A wyvern skeleton (D:10)
  Dowan (D:5)
  3 scorpions
  5 crimson imps
  A howler monkey (D:6)
  5 orc priests
  2 centaur zombies
  A centaur skeleton (D:9)
  2 hounds
  A jelly (D:5)
  Jessica (D:3)
  2 iguanas
  8 orc wizards
  5 worker ants
  A killer bee zombie (D:9)
  Robin (D:3)
  3 gnolls (D:7)
  7 adders
  An ooze (D:1)
  2 adder skeletons (D:4)
  2 adder zombies
  5 worms
  2 dart slugs
  4 leopard geckos
  26 orcs
  6 bats
  2 giant cockroaches (D:1)
  10 goblins
  10 hobgoblins
  11 jackals
  2 quokkas
  5 ball pythons
  4 frilled lizards
  8 kobolds
  7 rats
205 creatures vanquished.

Vanquished Creatures (others)
  3 fungi (D:9)
  5 plants (D:9)
8 creatures vanquished.

Grand Total: 213 creatures vanquished

Notes
Turn   | Place    | Note
-------+----------+-------------------------------------------
     0 | D:1      | Snakeypoo the Troll Monk began the quest for the Orb.
     0 | D:1      | Reached XP level 1. HP: 22/22 MP: 0/0
   150 | D:1      | Reached XP level 2. HP: 29/29 MP: 1/1
   394 | D:1      | Reached XP level 3. HP: 36/36 MP: 2/2
   861 | D:2      | Reached XP level 4. HP: 45/45 MP: 3/3
  1266 | D:3      | Noticed Jessica
  1268 | D:3      | Killed Jessica
  1283 | D:3      | Reached skill level 4 in Unarmed Combat
  1315 | D:3      | Reached XP level 5. HP: 47/53 MP: 4/4
  2071 | D:3      | Noticed Robin
  2091 | D:3      | Killed Robin
  2747 | D:4      | Found a glowing silver altar of Zin.
  2748 | D:4      | Noticed an angel
  2885 | D:4      | Found a shattered altar of Ashenzari.
  3141 | D:4      | Reached XP level 6. HP: 59/62 MP: 5/5
  3398 | D:5      | Entered Level 5 of the Dungeon
  3420 | D:5      | Found a staircase to the Ecumenical Temple.
  3431 | D:5      | Noticed Slyspawn's ghost (novice MiFi)
  3442 | D:5      | Noticed an ice beast
  3463 | D:4      | Killed an ice beast
  3549 | D:5      | Reached skill level 5 in Unarmed Combat
  3550 | D:5      | Noticed Blork the orc
  3561 | Temple   | Entered the Ecumenical Temple
  3574 | Temple   | Became a worshipper of the Wu Jian Council
  3574 | Temple   | Reached * piety under Wu Jian
  3574 | Temple   | Reached ** piety under Wu Jian
  3591 | D:5      | Killed Blork the orc
  3615 | D:5      | Reached XP level 7. HP: 68/70 MP: 6/6
  3819 | D:6      | Reached skill level 5 in Fighting
  3819 | D:6      | Reached skill level 5 in Dodging
  3819 | D:6      | Reached skill level 6 in Unarmed Combat
  3888 | D:6      | Found Ostue's Weapon Emporium.
  3923 | D:6      | Reached XP level 8. HP: 77/80 MP: 7/7
  4024 | D:6      | Noticed Yermak's ghost (novice GnSk)
  4042 | D:5      | Noticed Dowan
  4043 | D:5      | Noticed Duvessa
  4055 | D:5      | Killed Dowan
  4057 | D:5      | Killed Duvessa
  4100 | D:5      | Noticed Pikel
  4125 | D:5      | Killed Pikel
  4125 | D:5      | Reached skill level 7 in Unarmed Combat
  4413 | D:7      | Reached XP level 9. HP: 89/89 MP: 8/8
  4415 | D:7      | Reached *** piety under Wu Jian
  4483 | D:7      | Found a bloodstained altar of Trog.
  5188 | D:8      | Reached skill level 8 in Unarmed Combat
  5418 | D:8      | Found an iron altar of Okawaru.
  5879 | D:9      | Reached XP level 10. HP: 45/102 MP: 9/9
  5892 | D:9      | Reached skill level 9 in Unarmed Combat
  6044 | D:9      | Reached **** piety under Wu Jian
  6087 | D:9      | Noticed a two-headed ogre
  6096 | D:9      | Killed a two-headed ogre
  6167 | D:9      | Noticed a cyclops
  6190 | D:9      | Killed a cyclops
  6266 | D:9      | Found a staircase to the Lair.
  6475 | D:10     | Entered Level 10 of the Dungeon
  6513 | D:10     | Noticed a cyclops
  6520 | D:10     | Killed a cyclops
  6528 | D:10     | Reached skill level 10 in Unarmed Combat
  6620 | D:10     | Noticed Grum
  6659 | D:10     | Killed Grum
  6670 | D:10     | Slain by a wolf

Vault maps used:
D:1:      minmay_arrival_widening_spiral_narrow
D:3:      uniq_robin, uniq_jessica
D:4:      zin_angel, first_bread, nicolae_ashenzari_panopticon
D:5:      temple_pool_b, uniq_pikel, uniq_duvessa, uniq_blork_the_orc
D:6:      serial_shops, shop
D:7:      bloody_trog
D:8:      lemuel_tele_altar
D:9:      grunt_lair_entry_orc_guard_hut
D:10:     orc_0_dummy, uniq_grum
Temple:   regret_index_temple_chain_breaker

Skill      XL: |  1  2  3  4  5  6  7  8  9 10 |
---------------+-------------------------------+-----
Dodging        | 3 4 5 6 7 8 |  8.6
Fighting       | 3 4 5 6 7 8 |  8.6
Unarmed Combat | 4 5 6 7 8 10 | 10.2
Stealth        | |  1.0

Action                   |  1- 3 |  4- 6 |  7- 9 | 10-12 || total
-------------------------+-------+-------+-------+-------++-------
Melee: Unarmed           |    89 |   138 |   256 |   145 ||   628
       Punch             |       |     6 |    11 |     3 ||    20
Invok: Serpent's Lash    |       |       |       |     1 ||     1
  Use: Scroll            |       |     3 |     9 |       ||    12
 Stab: Sleeping          |     5 |     3 |     5 |     2 ||    15
  Eat: Chunk             |    13 |    25 |    24 |     7 ||    69
Armor: Robe              |    31 |    33 |    42 |    14 ||   120
Dodge: Dodged            |    43 |    60 |   116 |    79 ||   298

Table legend:
 A = Spawn XP
 B = Non-spawn XP
 C = Spawn XP percentage of total XP
 D = Spawn monster count
 E = Non-spawn monster count
 F = Spawn count percentage of total count
 G = Total turns spent on level
                    A         B        C        D         E        F      G
               +---------+---------+-------+---------+---------+-------+---------
         Total |       0 |   10454 |   0.0 |       0 |     203 |   0.0 |  6670
               +---------+---------+-------+---------+---------+-------+---------
           D:1 |       0 |      44 |   0.0 |       0 |      25 |   0.0 |   617
           D:2 |       0 |      67 |   0.0 |       0 |      21 |   0.0 |   644
           D:3 |       0 |     203 |   0.0 |       0 |      31 |   0.0 |  1149
           D:4 |       0 |     230 |   0.0 |       0 |      15 |   0.0 |  1062
           D:5 |       0 |    1537 |   0.0 |       0 |      23 |   0.0 |   495
           D:6 |       0 |     331 |   0.0 |       0 |      10 |   0.0 |   272
           D:7 |       0 |     864 |   0.0 |       0 |      15 |   0.0 |   694
           D:8 |       0 |     654 |   0.0 |       0 |       7 |   0.0 |   693
           D:9 |       0 |    4867 |   0.0 |       0 |      40 |   0.0 |   825
          D:10 |       0 |    1657 |   0.0 |       0 |      16 |   0.0 |   195
               +---------+---------+-------+---------+---------+-------+---------
